 Dungeon Crawl Stone Soup version 0.26-a0-1205-g4083c211ab (webtiles) character file.

Game seed: 10856549220774524171

220 CurlyBrace the Sneak (level 5, 18/25 HPs)
             Began as a Felid Delver on Dec 29, 2020.
             Quit the game on level 3 of the Dungeon.
             The game lasted 00:07:10 (468 turns).

CurlyBrace the Sneak (Felid Delver)                  Turns: 468, Time: 00:07:11

Health: 18/25      AC:  1    Str:  6 (8)  XL:     5   Next: 64%
Magic:  6/6        EV: 19    Int: 10 (12) God:
Gold:   57         SH:  0    Dex: 17 (18) Spells: 4/4 levels left
                                        Lives:  1   Deaths: 0

rFire    . . .     SeeInvis +     - Unarmed
rCold    . . .     Faith    +   (shield unavailable)
rNeg     . . .     Spirit   .   (armour unavailable)
rPois    .         Reflect  .   (helmet unavailable)
rElec    .         Harm     .   (cloak unavailable)
rCorr    .         Rampage  .   (gloves unavailable)
Will     .....                  (boots unavailable)
Stlth    ++++......             d - amulet of faith
HPRegen  0.08/turn              (no ring)
MPRegen  0.10/turn              (no ring)

@: attractive, quick
A: very small, no armour, no weapons or thrown items, stealth, claws 1, fangs 3,
see invisible, speed 1, shaggy fur 1, sharp paws
a: no special abilities


You were on level 3 of the Dungeon.
You visited 1 branch of the dungeon, and saw 4 of its levels.

You collected 57 gold pieces.

Inventory:

Jewellery
 d - an amulet of faith (around neck)
   (You found it on level 5 of the Dungeon)
Wands
 v - a wand of digging (1)
Scrolls
 a - a scroll of fog


   Skills:
 * Level 4.0 Fighting
 + Level 3.9 Dodging
 - Level 7.0 Stealth
 * Level 4.0 Unarmed Combat
 - Level 2.0 Evocations


You had 4 spell levels left.
You didn't know any spells.
Your spell library was empty.

Dungeon Overview and Level Annotations

Branches:
Dungeon (6/15)
 Temple: D:4-7

Altars:
Uskayaw

Shops:
D:4 *

Annotations:
D:6 Pikel


Innate Abilities, Weirdness & Mutations

You cannot wear armour.
You are incapable of wielding weapons or throwing items.
Your paws allow you to move quietly. (Stealth)
You have sharp claws.
You have razor-sharp teeth.
You have supernaturally acute eyesight. (SInv)
You cover ground quickly.
You are covered in fur. (AC +1)
Your sharp claws are effective at attacking unaware monsters.


Message History

The jelly barely misses you.
As you read the scroll labelled UQEMOEBL VYCLU, it crumbles to dust.
It is a scroll of identify.
You don't have any unidentified items.
The jelly misses you.
You scratch the jelly.
Your paws burn!
The jelly is lightly wounded.
You scratch the jelly.
Your paws burn!
You bite the jelly.
The jelly is heavily wounded.
The jelly closely misses you.
You scratch the jelly.
Your paws burn!
The jelly is severely wounded.
The jelly barely misses you.
You claw the jelly!
You kill the jelly!
Your Fighting skill increases to level 4!
Your Unarmed Combat skill increases to level 4!
There is a stone staircase leading down here.
You open the door.
Are you sure you want to abandon this character and quit the game? (Confirm with "yes".)

#.#.# .#.# ....
#####..# +#
......# .#
#....###.###
#....'.._..+
#...@# ##
#....# ##
#....#######..#
####.........#
#.>##...#.#
##.# .#.# #.#
.# # #.# .# #.#
.#


There were no monsters in sight!

Vanquished Creatures
  A hound (D:5)
  A jelly (D:3)
  3 orc wizards (D:5)
  2 orc priests (D:5)
  An adder (D:5)
  A leopard gecko (D:5)
  4 orcs
  A giant cockroach (D:3)
  A hobgoblin (D:3)
  A kobold (D:3)
16 creatures vanquished.

Notes
Turn   | Place    | Note
-------+----------+-------------------------------------------
     0 | D:5      | CurlyBrace the Felid Delver began the quest for the Orb.
     0 | D:5      | Reached XP level 1. HP: 10/10 MP: 2/2
    74 | D:5      | Noticed a hound
    81 | D:5      | Killed a hound
    82 | D:5      | Reached skill level 7 in Stealth
    82 | D:5      | Reached skill level 1 in Evocations
    82 | D:5      | Reached XP level 2. HP: 14/14 MP: 3/3
    82 | D:5      | Reached XP level 3. HP: 17/17 MP: 4/4
   114 | D:5      | Reached XP level 4. HP: 5/21 MP: 5/5
   135 | D:5      | Reached XP level 5. HP: 3/25 MP: 6/6
   146 | D:6      | Noticed a lemure
   146 | D:6      | Noticed a lemure
   146 | D:6      | Noticed a lemure
   146 | D:6      | Noticed a lemure
   146 | D:6      | Noticed Pikel
   275 | D:4      | Found Guthralas's General Store.
   280 | D:4      | Noticed an ogre
   451 | D:3      | Found a hide-covered altar of Uskayaw.
   468 | D:3      | Quit the game

Illustrated notes

Levels and vault maps discovered:
D:3:      layout_basic, lemuel_doored_altar, old_standard_altar,
          lemuel_coloured_pillars_altar
D:4:      kennysheep_big_flooded_room, layout_basic, kennysheep_mini_moat,
          elyvilon_altar_4, serial_shops, shop
D:5:      layout_loops_corners, nrook_loot_triangle, uniq_sigmund, uniq_menkaure
D:6:      layout_loops_ring, serial_bayou, serial_bayou_pond_b,
          serial_bayou_lagoon_a, serial_bayou_pond_e, serial_bayou_pond_b,
          minmay_puff, uniq_prince_ribbit1, uniq_pikel

Skill      XL: |  1  2  3  4  5 |
---------------+----------------+-----
Dodging        | 3 |  3.9
Stealth        | 7 |  7.0
Evocations     | 1 2 |  2.0
Unarmed Combat | 3 4 |  4.0
Fighting       | 4 |  4.0

Action                   |  1- 3 |  4- 6 || total
-------------------------+-------+-------++-------
Melee: Unarmed           |     3 |    25 ||    28
       Bite              |       |     2 ||     2
Evoke: Wand              |     8 |     3 ||    11
  Use: Scroll            |     2 |     1 ||     3
       Potion            |     1 |     5 ||     6
 Stab: Sleeping          |     3 |     1 ||     4
Dodge: Dodged            |     5 |    15 ||    20

Table legend: (Time is in decaauts)
 A = Elapsed time spent in this place.
 B = Non-inter-level travel time spent in this place.
 C = Inter-level travel time spent in this place.
 D = Time resting spent in this place.
 E = Time spent auto-exploring this place.
 F = Levels seen in this place.
 G = Mean time per level.
                   A        B        C        D        E       F      G
               +--------+--------+--------+--------+--------+-----+--------+
         Total |    377 |    377 |      0 |      0 |      0 |   4 |   94.2 |
       Dungeon |    377 |    377 |      0 |      0 |      0 |   4 |   94.2 |
               +--------+--------+--------+--------+--------+-----+--------+

Top non-repeatable levels by time:
     D:4: 160 daAuts
     D:5: 150 daAuts
     D:3: 60 daAuts
     D:6: 6 daAuts
